 Dungeon Crawl Stone Soup version 0.21.1-1-g345015f (webtiles) character file.

597 Fang the Chopper (level 7, -6/44 HPs)
             Began as a Gargoyle Berserker on July 26, 2018.
             Was a Priest of Trog.
             Killed by divine providence
             ... invoked by an orc priest
              (12 damage)
             ... on level 4 of the Dungeon.
             The game lasted 00:03:39 (3800 turns).

Fang the Chopper (Gargoyle Berserker)               Turns: 3800, Time: 00:03:40

Health: -6/44      AC: 11    Str: 23    XL:     7   Next: 40%
Magic:  7/7        EV: 12    Int:  7    God:    Trog [***...]
Gold:   219        SH:  0    Dex:  9    Spells: 6/6 levels left

rFire    . . .     SeeInvis .   a - +0 hand axe
rCold    . . .     Gourm    .   (no shield)
rNeg     + . .     Faith    .   g - +0 leather armour (curse)
rPois    ∞         Spirit   .   (no helmet)
rElec    +         Reflect  .   h - +2 cloak
rCorr    .         Harm     .   (no gloves)
MR       .....                  (no boots)
Stlth    +.........             (no amulet)
HPRegen  0.14/turn              (no ring)
MPRegen  0.10/turn              (no ring)

@: berserk cooldown, slowed, very slow
A: negative energy resistance 1, electricity resistance, unbreathing,
petrification resistance, rot immunity, AC +4
a: Berserk, Trog's Hand, Burn Spellbooks, Renounce Religion


You were on level 4 of the Dungeon.
You worshipped Trog.
Trog was most pleased with you.
You were near starving.

You visited 1 branch of the dungeon, and saw 4 of its levels.

You collected 219 gold pieces.

Inventory:

Hand Weapons
 a - a +0 hand axe (weapon)
Armour
 b - a +0 animal skin
 g - a cursed +0 leather armour (worn)
 h - a +2 cloak (worn)
Scrolls
 e - 3 scrolls of fear {unknown}
 f - 2 scrolls of magic mapping {unknown}
 i - 7 scrolls of identify {unknown}
 k - 2 scrolls of remove curse {unknown}
 n - a scroll of teleportation {unknown}
Potions
 d - a potion of lignification {unknown}
 j - a potion of invisibility {unknown}
 l - a potion of berserk rage {unknown}
 m - 2 potions of curing {unknown}
Comestibles
 c - 9 rations


   Skills:
 + Level 4.9 Fighting
 + Level 5.4 Axes
 + Level 3.2 Armour
 + Level 3.2 Dodging
 + Level 1.9 Stealth


You had 6 spell levels left.
You didn't know any spells.

Dungeon Overview and Level Annotations

Branches:
Dungeon (4/15)
 Temple: D:4-7

Altars:
Ashenzari
Dithmenos
Elyvilon
Okawaru


Innate Abilities, Weirdness & Mutations

You are resistant to torment.
Your stone body is resilient. (AC +4)
You are immune to poison.
You resist negative energy. (rN+)
You are resistant to electric shocks. (rElec)
You can survive without breathing.
You are immune to petrification.
You are immune to rotting.


Message History

You hit the orc.
The orc is severely wounded.
You hit the orc but do no damage. The orc misses you.
The orc closely misses you.
Unknown command.
You slash the orc!
You kill the orc!
Trog accepts your kill.
You closely miss the orc. The orc hits you but does no damage.
Things that are here:
a chain mail; a tomahawk Unknown command.
You closely miss the orc.
You are no longer berserk.
You are exhausted.
You feel yourself slow down.
The orc priest invokes the aid of Beogh against you.
Beogh smites you!
You die...

##.###.#####..#
##... #..##.#
#.. ##.###
##.###########
#.##
#.......... ###
###.####.# #.#
'. #.# .#
#)#h##.##
#@ooo....
#)#o##.##
#.#..' #.# .#.#
#.# ## # #..
#.# #.# #


You could see an orc priest, 3 orcs and a jackal.

Vanquished Creatures
  The ghost of Kevlar the Ogre Mage, an amateur OgWz of Ru (D:3)
  An ogre (D:2)
  A scorpion (D:4)
  2 orc priests (D:4)
  2 hounds
  2 worker ants (D:4)
  6 adders
  An ooze (D:4)
  2 adder skeletons (D:4)
  A worm (D:2)
  A dart slug (D:2)
  3 leopard geckos
  3 orcs
  5 giant cockroaches (D:1)
  7 goblins
  10 hobgoblins
  11 jackals
  5 kobolds
  A ball python (D:2)
  6 bats
  3 frilled lizards
  A quokka skeleton (D:4)
  7 rats
  A fungus (D:2)
83 creatures vanquished.

Notes
Turn   | Place    | Note
-------+----------+-------------------------------------------
     0 | D:1      | Fang the Gargoyle Berserker began the quest for the Orb.
     0 | D:1      | Reached XP level 1. HP: 14/14 MP: 1/1
   262 | D:1      | Reached XP level 2. HP: 15/19 MP: 2/2
   334 | D:1      | Reached skill level 3 in Axes
   490 | D:1      | Reached XP level 3. HP: 19/24 MP: 3/3
   982 | D:2      | Found an iron altar of Okawaru.
  1049 | D:2      | Reached ** piety under Trog
  1093 | D:2      | Reached XP level 4. HP: 28/29 MP: 4/4
  1684 | D:2      | Reached XP level 5. HP: 32/33 MP: 5/5
  1978 | D:2      | Found a shattered altar of Ashenzari.
  1978 | D:2      | Found a white marble altar of Elyvilon.
  2650 | D:3      | Noticed Kevlar's ghost (amateur OgWz)
  2651 | D:3      | Noticed an ogre
  2689 | D:2      | Killed an ogre
  2689 | D:2      | Reached skill level 4 in Axes
  2689 | D:2      | Reached skill level 1 in Stealth
  2897 | D:3      | Killed Kevlar's ghost
  2897 | D:3      | Reached XP level 6. HP: 39/39 MP: 6/6
  3498 | D:4      | Found a shadowy altar of Dithmenos.
  3653 | D:4      | Reached skill level 5 in Axes
  3653 | D:4      | Reached XP level 7. HP: 37/44 MP: 7/7
  3788 | D:4      | Reached *** piety under Trog
  3800 | D:4      | Killed from afar by an orc priest

Skill      XL: |  1  2  3  4  5  6  7 |
---------------+----------------------+-----
Axes           | 3 4 5 |  5.4
Dodging        | 2 3 |  3.2
Fighting       | 4 |  4.9
Stealth        | 1 |  1.9
Armour         | 3 |  3.2

Action                   |  1- 3 |  4- 6 |  7- 9 || total
-------------------------+-------+-------+-------++-------
Melee: Hand axe          |   106 |   179 |    37 ||   322
Invok: Berserk           |       |     2 |     1 ||     3
       Burn Spellbooks   |       |     2 |       ||     2
 Stab: Sleeping          |     1 |     1 |       ||     2
  Eat: Chunk             |       |     4 |       ||     4
       Ration            |       |     2 |       ||     2
Armor: Animal skin       |    31 |       |       ||    31
       Leather armour    |     6 |    63 |    16 ||    85
Dodge: Dodged            |    61 |   120 |    21 ||   202
